[Event "ICC Open 2015"]
[Site "Internet Chess Club"]
[Date "2015.05.30"]
[Round "4"]
[White "nitishdas"]
[Black "Jospa"]
[Result "1-0"]
[ICCResult "Black forfeits on time"]
[WhiteElo "1792"]
[BlackElo "1226"]
[Opening "KP: Nimzovich defense"]
[ECO "B00"]
[NIC "VO.04"]
[Time "14:39:23"]
[TimeControl "180+0"]

1. e4 Nc6 2. Nc3 f6 3. d4 g6 4. f4 d6 5. Nf3 Be6 6. d5 Bf7 7. dxc6 bxc6 8.
Bd3 e5 9. fxe5 dxe5 10. O-O Bd6 11. Be3 Be6 12. Qe2 Qe7 13. Rad1 f5 14. exf5
gxf5 15. Bg5 Qg7 16. Bc4 Qg6 17. Bxe6 Qxe6 18. Bf4 Nf6 19. Bxe5 Bc5+ 20. Bd4
Qxe2 21. Nxe2 Bxd4+ 22. Nfxd4 Kf7 23. Rxf5 Rae8 24. Rdf1 Kg6 25. Rxf6+ Kg7
26. Ne6+ Rxe6 27. Rxe6 Rd8 28. Ng3 Rd2 29. Nh5+ {Black forfeits on time} 1-0

[Event "ICC Open 2015"]
[Site "Internet Chess Club"]
[Date "2015.05.30"]
[Round "4"]
[White "DropZone"]
[Black "QuintilianoR"]
[Result "0-1"]
[ICCResult "White checkmated"]
[WhiteElo "2099"]
[BlackElo "2514"]
[Opening "Queen's pawn game"]
[ECO "D02"]
[NIC "QP.08"]
[Time "14:39:43"]
[TimeControl "180+0"]

1. d4 d5 2. Nf3 e6 3. Bf4 c5 4. c3 Nc6 5. e3 Nf6 6. h3 Be7 7. Bd3 O-O 8. O-O
c4 9. Bc2 b5 10. a3 Bb7 11. Nbd2 a5 12. Qe2 b4 13. axb4 axb4 14. Rxa8 Bxa8
15. e4 dxe4 16. Nxe4 Nd5 17. Bd2 bxc3 18. bxc3 Na5 19. Ne5 Qc7 20. Qh5 f5
21. Ng5 Bxg5 22. Qxg5 Nb3 23. Be1 Nf6 24. Qg3 Be4 25. Bd1 Nd5 26. f3 f4 27.
Qf2 Bf5 28. Qa2 Ne3 29. Bxb3 cxb3 30. Qxb3 Rb8 31. Qa2 Nxf1 32. Kxf1 h6 33.
Kg1 Rb1 34. Qd2 Qa7 35. Kh2 Qa1 36. Qxf4 Rxe1 37. Nd7 Rh1+ 38. Kg3 Qe1#
{White checkmated}
0-1

[Event "ICC Open 2015"]
[Site "Internet Chess Club"]
[Date "2015.05.30"]
[Round "4"]
[White "Iandmyself"]
[Black "Giantvin"]
[Result "1-0"]
[ICCResult "Black forfeits on time"]
[WhiteElo "2505"]
[BlackElo "1992"]
[Opening "Giuoco Pianissimo"]
[ECO "C50"]
[NIC "IG.02"]
[Time "14:38:49"]
[TimeControl "180+0"]

1. e4 e5 2. Nf3 Nc6 3. Bc4 Bc5 4. d3 Nf6 5. Nbd2 Na5 6. Nxe5 Nxc4 7. Ndxc4
O-O 8. O-O d5 9. exd5 Qxd5 10. Bg5 Ng4 11. Nxg4 Qxg5 12. h3 h5 13. Nge5 b5
14. Nf3 Qg3 15. d4 Qf4 16. Nce5 Bd6 17. Qc1 Qf6 18. Re1 Bb7 19. Qd2 Rad8 20.
Rad1 c5 21. c3 b4 22. Qg5 Qxg5 23. Nxg5 bxc3 24. bxc3 cxd4 25. cxd4 Bxe5 26.
dxe5 Rxd1 27. Rxd1 Re8 28. f4 f6 29. exf6 gxf6 30. Nf3 {Black forfeits on
time} 1-0

[Event "ICC Open 2015"]
[Site "Internet Chess Club"]
[Date "2015.05.30"]
[Round "4"]
[White "Neurisdr"]
[Black "wolwerine"]
[Result "1-0"]
[ICCResult "Black resigns"]
[WhiteElo "2899"]
[BlackElo "2167"]
[Opening "Sicilian: Najdorf variation"]
[ECO "B98"]
[NIC "SI.09"]
[Time "14:39:43"]
[TimeControl "180+0"]

1. e4 c5 2. Nf3 d6 3. d4 cxd4 4. Nxd4 Nf6 5. Nc3 a6 6. Bg5 e6 7. f4 Be7 8.
Qf3 Qc7 9. O-O-O Bd7 10. g4 Nc6 11. Bxf6 gxf6 12. Nde2 Rc8 13. h4 b5 14. Rd2
Na5 15. b3 b4 16. Nd1 Nc6 17. Kb1 a5 18. g5 h6 19. g6 fxg6 20. h5 g5 21. Bh3
Rf8 22. Ne3 gxf4 23. Nxf4 Ne5 24. Qe2 Qc3 25. Bxe6 Bxe6 26. Nxe6 Rg8 27. Nd5
Qf3 28. Qxf3 Nxf3 29. Rf2 Ng5 30. Nd4 Kd7 31. Nf5 Bd8 32. Nxh6 Rh8 33. Ng4
Nxe4 34. Rf4 Nc3+ 35. Nxc3 Rxc3 36. Nxf6+ Bxf6 37. Rxf6 Re3 38. h6 Re6 39.
Rf7+ Re7 40. Rxe7+ Kxe7 41. Rh5 Ke6 42. Kb2 d5 43. Kc1 Kd6 44. Kd2 Kc5 45.
Kd3 Rh7 46. Rh1 a4 47. bxa4 b3 48. axb3 Kb4 49. Kd4 {Black resigns} 1-0

[Event "ICC Open 2015"]
[Site "Internet Chess Club"]
[Date "2015.05.30"]
[Round "4"]
[White "DMDIS"]
[Black "MrsPiggy"]
[Result "1-0"]
[ICCResult "Black forfeits on time"]
[WhiteElo "1882"]
[BlackElo "1415"]
[Opening "Queen's gambit accepted"]
[ECO "D23"]
[NIC "QG.05"]
[Time "14:39:07"]
[TimeControl "180+0"]

1. d4 d5 2. c4 dxc4 3. Nf3 Nf6 4. a4 c6 5. e3 b5 6. b3 Be6 7. bxc4 bxc4 8.
a5 Bd5 9. Qa4 e6 10. Nbd2 Bd6 11. Nxc4 Bxc4 12. Bxc4 O-O 13. O-O Nd5 14. e4
Nc3 15. Qc2 Nb5 16. Bb2 Na6 17. e5 Bb4 18. Qe4 Qd7 19. Bd3 g6 20. Ng5 h6 21.
Nh3 Nc3 22. Qh4 Kg7 23. Bxa6 Nd5 24. Rad1 Be7 25. Qg3 Rab8 26. Bc1 h5 27.
Nf4 h4 28. Qg4 Nxf4 29. Bxf4 {Black forfeits on time} 1-0

[Event "ICC Open 2015"]
[Site "Internet Chess Club"]
[Date "2015.05.30"]
[Round "4"]
[White "Pkopsa"]
[Black "Snerk"]
[Result "0-1"]
[ICCResult "White forfeits on time"]
[WhiteElo "1577"]
[BlackElo "1567"]
[Opening "Réti opening"]
[ECO "A04"]
[NIC "QP.11"]
[Time "14:39:11"]
[TimeControl "180+0"]

1. Nf3 c6 2. g3 d5 3. Bg2 Nf6 4. O-O Bf5 5. d3 e6 6. b3 Be7 7. Bb2 Nbd7 8.
Nbd2 Bg6 9. Re1 Qc7 10. e4 dxe4 11. dxe4 O-O 12. a3 Rad8 13. Qe2 h6 14. Nh4
Bh7 15. f4 Nb6 16. Kh1 Rfe8 17. Rad1 Bf8 18. a4 a6 19. Bxf6 gxf6 20. f5 exf5
21. Qh5 Bg7 22. Nxf5 Bxf5 23. Qxf5 Re5 24. Qf2 Nd7 25. Nc4 Rc5 26. Nd6 Re5
27. Nf5 Nf8 28. Qf3 Rxd1 29. Rxd1 Rxf5 30. exf5 Qe5 {White forfeits on time}
0-1

[Event "ICC Open 2015"]
[Site "Internet Chess Club"]
[Date "2015.05.30"]
[Round "4"]
[White "DANGEROUS-BEAST"]
[Black "sissystiger"]
[Result "1-0"]
[ICCResult "Black resigns"]
[WhiteElo "2360"]
[BlackElo "1798"]
[Opening "Queen's Pawn"]
[ECO "A41"]
[NIC "QO.17"]
[Time "14:40:17"]
[TimeControl "180+0"]

1. d4 d6 2. Nf3 c6 3. c4 Nd7 4. Nc3 Qc7 5. e4 e5 6. Be2 Be7 7. O-O Ngf6 8.
Re1 O-O 9. Bf1 Re8 10. Rb1 b6 11. d5 c5 12. b4 Nf8 13. a4 Ng6 14. h3 h6 15.
Nb5 Qb8 16. a5 a6 17. Nc3 bxa5 18. bxc5 Qc7 19. cxd6 Bxd6 20. Na4 Bb4 21.
Bd2 Bxd2 22. Qxd2 Bd7 23. Nb6 Rab8 24. Qxa5 Nf4 25. c5 Nxe4 26. Rxe4 Bf5 27.
Qb4 Qe7 28. d6 Qf6 29. Rbe1 Qg6 30. Rxf4 exf4 31. Rxe8+ Rxe8 32. c6 Bxh3 33.
d7 Rd8 34. Qe7 Qf6 35. Qxf6 gxf6 36. c7 {Black resigns} 1-0

[Event "ICC Open 2015"]
[Site "Internet Chess Club"]
[Date "2015.05.30"]
[Round "4"]
[White "geom"]
[Black "vicmel"]
[Result "1-0"]
[ICCResult "Black forfeits on time"]
[WhiteElo "1725"]
[BlackElo "1933"]
[Opening "Sicilian defense"]
[ECO "B20"]
[NIC "SI.48"]
[Time "14:38:41"]
[TimeControl "180+0"]

1. e4 c5 2. Bc4 e6 3. Nc3 Nc6 4. Nf3 Nf6 5. Qe2 Be7 6. e5 Ng4 7. d3 a6 8. a4
Qc7 9. Bf4 d5 10. exd6 Bxd6 11. Bxd6 Qxd6 12. Ne4 Qe7 13. O-O O-O 14. Rfe1
Nf6 15. Ng3 Rb8 16. a5 Qc7 17. Qd2 Rd8 18. Qc3 Nd5 19. Qd2 Ndb4 20. c3 Nxd3
21. Bxd3 c4 22. Bxh7+ Kxh7 23. Qg5 Qe7 24. Qh5+ Kg8 25. Ng5 Qf6 26. Qh7+ Kf8
27. Qh4 Qh6 28. Qf4 f6 29. N3e4 Kg8 30. Nh3 Qxf4 31. Nxf4 e5 32. Ng6 Kf7 33.
Nh4 g5 34. Nf3 Bf5 35. Ng3 Bg6 36. h3 Bd3 37. Ne2 Re8 38. Rad1 e4 39. Nh2
Ne5 40. Ng4 f5 41. Nxe5+ Rxe5 42. Nc1 f4 43. b3 cxb3 44. Nxd3
{Black forfeits on time}
1-0

[Event "ICC Open 2015"]
[Site "Internet Chess Club"]
[Date "2015.05.30"]
[Round "4"]
[White "kshakes"]
[Black "AlexSlizhevsky"]
[Result "0-1"]
[ICCResult "White checkmated"]
[WhiteElo "1529"]
[BlackElo "2019"]
[Opening "Sicilian: Grand Prix attack"]
[ECO "B21"]
[NIC "SI.48"]
[Time "14:40:35"]
[TimeControl "180+0"]

1. e4 c5 2. f4 d5 3. e5 Bf5 4. Nf3 Nc6 5. d3 e6 6. c3 h5 7. g3 Nh6 8. Bg2
Bg4 9. O-O Nf5 10. Qe2 Be7 11. Na3 h4 12. Qf2 hxg3 13. hxg3 Qd7 14. Nh2 Bh3
15. Nc2 O-O-O 16. Rd1 Rh6 17. Bf3 Rdh8 18. Rd2 Rg6 19. g4 Bh4 20. g5 Bxf2+
21. Kxf2 Nh4 22. Kg3 Nxf3 23. Kxf3 f6 24. Ne3 fxe5 25. Neg4 exf4 26. Re2 e5
27. Bd2 e4+ 28. dxe4 Bxg4+ 29. Nxg4 Rh3+ 30. Kxf4 Qf7+ 31. Nf6 Rxf6+ 32. Kg4
Qh5# {White checkmated} 0-1

[Event "ICC Open 2015"]
[Site "Internet Chess Club"]
[Date "2015.05.30"]
[Round "4"]
[White "Satyricon"]
[Black "Andrei21"]
[Result "0-1"]
[ICCResult "White resigns"]
[WhiteElo "2245"]
[BlackElo "2896"]
[Opening "Pirc: Ufimtsev-Pytel variation"]
[ECO "B07"]
[NIC "PU.08"]
[Time "14:39:15"]
[TimeControl "180+0"]

1. d4 d6 2. e4 Nf6 3. Nc3 c6 4. f4 Qa5 5. Nf3 Bg4 6. Be2 Nxe4 7. O-O Nxc3 8.
bxc3 e6 9. Rb1 Qc7 10. h3 Bxf3 11. Bxf3 d5 12. f5 exf5 13. Re1+ Be7 14. Qe2
Kd8 15. Bf4 Qd7 16. g4 Re8 17. gxf5 b5 18. a4 a6 19. Bh5 Qxf5 20. Bg3 Nd7
21. Bg4 Qg5 22. h4 Qg6 23. axb5 axb5 24. Ra1 Rc8 25. Ra7 f5 26. Qh2 Qxg4 27.
Kh1 f4 28. Bxf4 Qxh4 29. Bc7+ Rxc7 30. Qxh4 Bxh4 31. Ra8+ Rc8 32. Rxe8+ Kxe8
33. Rxc8+ Ke7 34. Rxc6 Be1 35. Kg2 Nf6 36. Kf3 h5 37. Ra6 Bxc3 38. Ra7+ Kf8
39. Ke3 b4 40. Rb7 h4 41. Kd3 h3 42. Ra7 h2 43. Ra1 Ng4 {White resigns} 0-1

[Event "ICC Open 2015"]
[Site "Internet Chess Club"]
[Date "2015.05.30"]
[Round "4"]
[White "Mastercito"]
[Black "toll"]
[Result "1-0"]
[ICCResult "Black resigns"]
[WhiteElo "1971"]
[BlackElo "1689"]
[Opening "Queen's pawn game"]
[ECO "D02"]
[NIC "QP.08"]
[Time "14:39:46"]
[TimeControl "180+0"]

1. d4 d5 2. Nf3 Bf5 3. Bf4 Nf6 4. e3 Nbd7 5. c4 e6 6. Qb3 b6 7. Nc3 dxc4 8.
Bxc4 Bd6 9. Ne5 O-O 10. O-O-O Ng4 11. h3 Ngxe5 12. dxe5 Nc5 13. Qb5 a6 14.
Qc6 b5 15. Be2 b4 16. Na4 b3 17. a3 Nxa4 18. Qxa4 Bc2 19. Rd2 Qh4 20. exd6
cxd6 21. g3 Qf6 22. Rxc2 bxc2 23. Kxc2 Rac8+ 24. Kb1 Qf5+ 25. Ka1 Qd5 26.
Rd1 Qg2 27. Bxd6 Rfd8 28. Bxa6 {Black resigns} 1-0

[Event "ICC Open 2015"]
[Site "Internet Chess Club"]
[Date "2015.05.30"]
[Round "4"]
[White "Adonis"]
[Black "Wahman"]
[Result "1-0"]
[ICCResult "Black resigns"]
[WhiteElo "2633"]
[BlackElo "2174"]
[Opening "Old Benoni defense"]
[ECO "A44"]
[NIC "OI.09"]
[Time "14:39:29"]
[TimeControl "180+0"]

1. d4 c5 2. d5 e5 3. Nc3 d6 4. e4 Nd7 5. Nf3 Ne7 6. Be2 g6 7. O-O Bg7 8. Nd2
O-O 9. a4 f5 10. Nc4 Nb6 11. Na3 Bd7 12. a5 Nbc8 13. Nc4 Qc7 14. f4 b5 15.
axb6 Nxb6 16. Ra6 Nxc4 17. Bxc4 Bc8 18. Ra3 fxe4 19. Nxe4 Bf5 20. Ng5 Rad8
21. fxe5 Bxe5 22. g4 Bc8 23. Ne6 Rxf1+ 24. Qxf1 Bxe6 25. dxe6 Rf8 26. Rf3
Qd8 27. Rf7 d5 28. Bh6 Re8 29. Rg7+ Kh8 30. Qf7 Bd4+ 31. Kg2 {Black resigns}
1-0

[Event "ICC Open 2015"]
[Site "Internet Chess Club"]
[Date "2015.05.30"]
[Round "4"]
[White "Ramanip15"]
[Black "LordKinbote"]
[Result "1-0"]
[ICCResult "Black forfeits on time"]
[WhiteElo "1816"]
[BlackElo "1389"]
[Opening "Ruy Lopez: Schliemann defense, Berger variation"]
[ECO "C63"]
[NIC "RL.06"]
[Time "14:38:41"]
[TimeControl "180+0"]

1. e4 e5 2. Nf3 Nc6 3. Bb5 f5 4. Nc3 fxe4 5. Nxe4 d5 6. Nxe5 dxe4 7. Nxc6
Qg5 8. Qe2 Nf6 9. f4 Qxf4 10. d4 Qd6 11. Ne5+ c6 12. Bc4 Qxd4 13. Nf7 Rg8
14. Be3 Qxb2 15. O-O Bg4 16. Qf2 Be7 17. Rab1 Qc3 18. Nd6+ Bxd6 19. Bxg8
O-O-O 20. Bd4 e3 21. Bxe3 Rxg8 22. Bxa7 Ne4 23. Qh4 Bc5+ 24. Kh1 Rf8 25.
Qxg4+ Kc7 26. Rxf8 Nf2+ 27. Rxf2 Bxf2 28. Qxg7+ Kd6 29. Qxc3 Kd5 30. Qd3+
{Black forfeits on time}
1-0

[Event "ICC Open 2015"]
[Site "Internet Chess Club"]
[Date "2015.05.30"]
[Round "4"]
[White "fredericton"]
[Black "Biglittlefish"]
[Result "1-0"]
[ICCResult "Black checkmated"]
[WhiteElo "1786"]
[BlackElo "1319"]
[Opening "Sicilian: Smith-Morra gambit"]
[ECO "B32"]
[NIC "SI.48"]
[Time "14:39:45"]
[TimeControl "180+0"]

1. e4 c5 2. d4 cxd4 3. Nf3 Nc6 4. Bc4 h6 5. O-O e6 6. Nxd4 Nge7 7. Nc3 g6 8.
Ndb5 Ng8 9. Bf4 e5 10. Qd5 Qe7 11. Nc7+ Kd8 12. Nxa8 exf4 13. Rfe1 d6 14. e5
Be6 15. exd6 Qd7 16. Qe4 Bxd6 17. Rad1 Nf6 18. Qf3 Bg4 19. Qd3 Bxd1 20. Rxd1
Ne8 21. Nb5 Ne5 22. Qd4 Nxc4 23. Nxd6 Ncxd6 24. Qxh8 Qg4 25. f3 Qf5 26.
Rxd6+ Ke7 27. Rd1 Qc5+ 28. Kh1 Qxc2 29. Re1+ Kd7 30. Qxe8+ Kd6 31. Qe7+ Kd5
32. Nc7+ Kd4 33. Qe5+ Kc4 34. Qb5+ Kd4 35. Qd5# {Black checkmated} 1-0

[Event "ICC Open 2015"]
[Site "Internet Chess Club"]
[Date "2015.05.30"]
[Round "4"]
[White "NICO"]
[Black "OptimusMagister"]
[Result "0-1"]
[ICCResult "White checkmated"]
[WhiteElo "2300"]
[BlackElo "2278"]
[Opening "French: Réti (Spielmann) variation"]
[ECO "C00"]
[NIC "FR.01"]
[Time "14:38:52"]
[TimeControl "180+0"]

1. e4 e6 2. b3 d5 3. Bb2 dxe4 4. Nc3 Nf6 5. Qe2 Be7 6. Nxe4 Nxe4 7. Qxe4 Bf6
8. d4 Qd5 9. Bd3 Bd7 10. O-O-O Qxe4 11. Bxe4 Bc6 12. d5 Bxb2+ 13. Kxb2 exd5
14. Bxd5 O-O 15. Nf3 Bxd5 16. Rxd5 Nc6 17. Rd7 Rac8 18. Re1 Rfd8 19. Red1
Kf8 20. Ng5 Ke8 21. R7d2 Rxd2 22. Rxd2 h6 23. Ne4 b6 24. a3 Rd8 25. Re2 Kf8
26. Nc3 a6 27. f4 Re8 28. Rd2 Rd8 29. Re2 Re8 30. Rf2 Ke7 31. g4 Kd7 32.
Rd2+ Kc8 33. h4 Re1 34. g5 h5 35. f5 Rh1 36. g6 fxg6 37. fxg6 Rxh4 38. Rd5
Rg4 39. Rxh5 Rxg6 40. Nd5 Kb7 41. b4 Nd4 42. c3 Rg2+ 43. Kb1 Nb5 44. a4 Na3+
45. Kc1 Nc4 46. Rf5 Kc6 47. Ne7+ Kd7 48. Nd5 c6 49. Nf4 Rg1+ 50. Kc2 Ne3+
51. Kd3 Nxf5 52. Ke4 Nd6+ 53. Ke5 Rg5+ 54. Kd4 Rg4 55. Ke3 Rxf4 56. Kxf4 b5
57. Kg5 bxa4 58. c4 a3 59. c5 Nb5 60. Kg6 a2 61. Kxg7 a1=Q+ 62. Kg6 Qe5 63.
Kf7 Qf5+ 64. Kg7 Ke7 65. Kg8 Qg5+ 66. Kh8 Kf7 67. Kh7 Qh5# {White
checkmated} 0-1

[Event "ICC Open 2015"]
[Site "Internet Chess Club"]
[Date "2015.05.30"]
[Round "4"]
[White "Macks"]
[Black "beaupre"]
[Result "0-1"]
[ICCResult "White forfeits on time"]
[WhiteElo "1522"]
[BlackElo "1829"]
[Opening "Queen's pawn game"]
[ECO "A45"]
[NIC "QP.07"]
[Time "14:40:20"]
[TimeControl "180+0"]

1. d4 Nf6 2. g3 e6 3. Bg2 c5 4. c3 d5 5. Nf3 Nc6 6. O-O Bd7 7. Re1 Rc8 8.
Nbd2 b5 9. e4 dxe4 10. Nxe4 Be7 11. Nxf6+ Bxf6 12. d5 Ne7 13. dxe6 Bxe6 14.
Qe2 O-O 15. Bg5 Bc4 16. Qe3 Nf5 17. Bxf6 Nxe3 18. Bxd8 Nxg2 19. Kxg2 Rfxd8
20. Ne5 Be6 21. f4 Rd2+ 22. Kg1 Rxb2 23. Nd3 Rd2 24. Rad1 Rxd1 25. Rxd1 Rd8
26. Kf2 Bxa2 27. Rd2 Bc4 28. Ke3 Bxd3 29. Rxd3 Rxd3+ 30. Kxd3 a5 31. Kc2 Kf8
32. Kb3 Ke7 33. c4 b4 34. Ka4 Kd6 35. g4 f6 36. h4 g6 {White forfeits on
time} 0-1

[Event "ICC Open 2015"]
[Site "Internet Chess Club"]
[Date "2015.05.30"]
[Round "4"]
[White "chessrex"]
[Black "auket40"]
[Result "1-0"]
[ICCResult "Black forfeits on time"]
[WhiteElo "2145"]
[BlackElo "1638"]
[Opening "Paleface attack"]
[ECO "A45"]
[NIC "QP.07"]
[Time "14:39:32"]
[TimeControl "180+0"]

1. d4 Nf6 2. f3 g6 3. e4 d6 4. Be3 Bg7 5. Qd2 h6 6. Nc3 c6 7. a4 a6 8. Bc4
Nbd7 9. Nge2 Qa5 10. Bb3 b5 11. O-O b4 12. Nd1 c5 13. Nf2 cxd4 14. Nxd4 Bb7
15. h3 Nc5 16. Ne2 Nxb3 17. cxb3 g5 18. Ng3 Bc8 19. Rac1 Be6 20. Qd3 O-O 21.
Nf5 Bxf5 22. exf5 Nd7 23. Ng4 Ne5 24. Nxe5 Bxe5 25. Rc2 Rac8 26. Rfc1 Rxc2
27. Rxc2 Bf6 28. g4 Qe5 29. Kg2 e6 30. Rd2 Rd8 31. Bd4 Qxd4 32. Qxd4 Bxd4
33. Rxd4 a5 34. fxe6 fxe6 35. Kf2 d5 36. Ke3 Kf7 37. f4 Kf6 38. fxg5+ hxg5
39. Rd1 Ke5 40. Rf1 d4+ 41. Kd3 Kd5 42. Rf7 Rh8 43. Rf3 e5 44. Kd2 Rh4 45.
Ke2 Ke4 46. Kf2 d3 47. Rg3 d2 48. Ke2 Kf4 49. Rf3+ Ke4 50. Re3+ Kf4 51. Rd3
{Black forfeits on time}
1-0

[Event "ICC Open 2015"]
[Site "Internet Chess Club"]
[Date "2015.05.30"]
[Round "4"]
[White "PITCHUS"]
[Black "Kyekerz"]
[Result "1-0"]
[ICCResult "Black forfeits on time"]
[WhiteElo "1876"]
[BlackElo "1267"]
[Opening "Réti: King's Indian attack (Barcza system)"]
[ECO "A07"]
[NIC "QP.09"]
[Time "14:40:19"]
[TimeControl "180+0"]

1. Nf3 d5 2. g3 Nc6 3. Bg2 Nf6 4. O-O e5 5. c4 dxc4 6. Qa4 Be6 7. Nxe5 Bd6
8. Nxc6 Bd7 9. Nxd8 Bxa4 10. Nxb7 Rb8 11. Nc3 Bd7 12. Nxd6+ cxd6 13. d4 O-O
14. Bf4 Rxb2 15. Bxd6 Re8 16. e3 Rc2 17. Nd5 Ne4 18. Bxe4 Rxe4 19. Rfc1 Ba4
20. Nc3 Rxc1+ 21. Rxc1 Re6 22. Nxa4 Rxd6 23. Rxc4 Kf8 24. Nc5 Ke7 25. a4 a5
26. Nb7 Ra6 27. Rc5 Ra7 28. Nxa5 Kd6 29. e4 Re7 30. e5+ Kd7 31. Nc6 Re6 32.
d5 Re8 33. a5 Ra8 34. Rb5 Ra6 35. Rb7+ Kc8 36. Rxf7 g6 37. Rxh7
{Black forfeits on time}
1-0

[Event "ICC Open 2015"]
[Site "Internet Chess Club"]
[Date "2015.05.30"]
[Round "4"]
[White "Swedchamp"]
[Black "podkarpacki"]
[Result "1-0"]
[ICCResult "Black forfeits on time"]
[WhiteElo "1939"]
[BlackElo "1473"]
[Opening "French defense, Steiner variation"]
[ECO "C00"]
[NIC "FR.01"]
[Time "14:40:04"]
[TimeControl "180+0"]

1. e4 e6 2. c4 d5 3. cxd5 exd5 4. Qb3 c6 5. Nc3 dxe4 6. Bc4 Nh6 7. d4 b5 8.
Nxb5 cxb5 9. Bd5 Bd7 10. Bxa8 Nc6 11. Bxc6 Bxc6 12. Be3 Nf5 13. Ne2 a5 14.
Rc1 Bb4+ 15. Kf1 Nxe3+ 16. Qxe3 Bd5 17. a3 Be7 18. g3 O-O 19. Kg2 Bg5 20.
Qc3 Bxc1 21. Rxc1 e3+ 22. f3 Bc4 23. Nf4 e2 24. Re1 Re8 25. Qd2 a4 26. Nxe2
Qe7 27. Kf2 Qf6 28. d5 Qb6+ 29. Kg2 Qc5 30. Nc3 Rd8 31. d6
{Black forfeits on time}
1-0

[Event "ICC Open 2015"]
[Site "Internet Chess Club"]
[Date "2015.05.30"]
[Round "4"]
[White "RaptureMan"]
[Black "Tomorrowlan"]
[Result "0-1"]
[ICCResult "White resigns"]
[WhiteElo "2223"]
[BlackElo "2863"]
[Opening "Danish gambit: Sorensen defense"]
[ECO "C21"]
[NIC "KP.04"]
[Time "14:39:54"]
[TimeControl "180+0"]

1. e4 e5 2. d4 exd4 3. c3 d5 4. exd5 dxc3 5. Nxc3 Nf6 6. Nf3 Be7 7. Be2 O-O
8. O-O Nbd7 9. Qb3 Nb6 10. Rd1 Bg4 11. Bf4 Bd6 12. Bg5 Be7 13. Bf4 Qd7 14.
Rac1 Bd6 15. Bxd6 cxd6 16. h3 Bxf3 17. Bxf3 Rac8 18. Re1 Nc4 19. Rcd1 a6 20.
a4 Ne5 21. Be2 Rfe8 22. Bf1 Ng6 23. Qb4 Qc7 24. Rc1 Qd7 25. Qd4 Ne5 26. Rcd1
Re7 27. f4 Ng6 28. Rxe7 Qxe7 29. g3 Re8 30. Bg2 h5 31. b4 h4 32. g4 Qe3+ 33.
Qxe3 Rxe3 34. Rc1 Nxf4 35. Bf1 Rg3+ 36. Kf2 Nxh3+ 37. Bxh3 Rxh3 38. Ne2
Nxg4+ 39. Kg2 Re3 40. Nf4 g5 41. Nh5 h3+ 42. Kg1 Re2 43. Ng3 Rg2+
{White resigns}
0-1

[Event "ICC Open 2015"]
[Site "Internet Chess Club"]
[Date "2015.05.30"]
[Round "4"]
[White "Judge-Dread"]
[Black "talaatabdin"]
[Result "0-1"]
[ICCResult "White resigns"]
[WhiteElo "1126"]
[BlackElo "1436"]
[Opening "KP: Indian opening"]
[ECO "C20"]
[NIC "KP.10"]
[Time "14:39:49"]
[TimeControl "180+0"]

1. e4 e5 2. d3 Nf6 3. Nf3 Nc6 4. Bg5 h6 5. Bxf6 Qxf6 6. Nbd2 Bc5 7. Qe2 O-O
8. Nb3 Nd4 9. Nbxd4 Bxd4 10. Nxd4 exd4 11. O-O-O d6 12. Re1 Qe5 13. Qd2 Be6
14. f4 Qb5 15. c3 Bxa2 16. c4 Qb3 17. Be2 a5 18. Bf3 a4 19. e5 dxe5 20. Rxe5
a3 21. Rb5 axb2+ 22. Qxb2 Qxd3 23. Bxb7 Qxc4+ 24. Kd2 Rae8 25. Re1 Rxe1 26.
Kxe1 Re8+ 27. Kd1 Qf1+ 28. Kd2 Re2+ 29. Kd3 Rxb2+ 30. Kxd4 Rxb5 31. Bc6 Qc4+
32. Ke3 Rb3+ 33. Kf2 Qc2+ {White resigns} 0-1

[Event "ICC Open 2015"]
[Site "Internet Chess Club"]
[Date "2015.05.30"]
[Round "4"]
[White "Kastor"]
[Black "gsvc"]
[Result "1-0"]
[ICCResult "Black resigns"]
[WhiteElo "2910"]
[BlackElo "2646"]
[Opening "Sicilian: Canal-Sokolsky attack, Sokolsky variation"]
[ECO "B52"]
[NIC "SI.01"]
[Time "14:40:01"]
[TimeControl "180+0"]

1. e4 c5 2. Nf3 d6 3. Bb5+ Bd7 4. Bxd7+ Qxd7 5. c4 Nc6 6. Nc3 g6 7. d4 cxd4
8. Nxd4 Bg7 9. Nde2 Nf6 10. f3 O-O 11. O-O Rfc8 12. b3 b6 13. Kh1 Qb7 14.
Bg5 a6 15. a4 Rab8 16. Rb1 Nd7 17. Qd2 Nc5 18. Rfd1 Na5 19. Qa2 Nc6 20. Nd5
Re8 21. Qd2 Rbc8 22. Ndc3 Na5 23. Qa2 Nc6 24. Be3 Nb4 25. Qd2 Nc6 26. Nf4
Na5 27. Qc2 Nc6 28. Nfd5 e6 29. Nf4 Red8 30. Nfe2 Nb4 31. Qd2 Nc6 32. Bg5
Rd7 33. Qf4 Qb8 34. Bf6 Bxf6 35. Qxf6 Qc7 36. Qf4 Qd8 37. h3 Qe7 38. Qe3 Na5
39. Nc1 Rdc7 40. Qe2 Nd7 41. Qd2 Nb7 42. N1e2 Qh4 43. Qe3 Qe7 44. Rd2 Ne5
45. Qxb6 Nc5 46. Qxd6 Qf6 47. Nd5 {Black resigns} 1-0

[Event "ICC Open 2015"]
[Site "Internet Chess Club"]
[Date "2015.05.30"]
[Round "4"]
[White "sanjithc"]
[Black "safadi001"]
[Result "1-0"]
[ICCResult "Black forfeits on time"]
[WhiteElo "1816"]
[BlackElo "1750"]
[Opening "English: Bremen, reverse dragon"]
[ECO "A22"]
[NIC "EO.10"]
[Time "14:39:10"]
[TimeControl "180+0"]

1. c4 Nf6 2. Nc3 e5 3. g3 d5 4. cxd5 Nxd5 5. Bg2 Nf6 6. Nf3 Nc6 7. d3 Be7 8.
Bd2 O-O 9. O-O h6 10. Re1 Be6 11. Rc1 Qd7 12. b3 Ba3 13. Rb1 a5 14. Nb5 Bc5
15. Qc2 b6 16. Rec1 Ng4 17. Rf1 Nb4 18. Bxb4 axb4 19. h3 Bxf2+ 20. Rxf2 Nxf2
21. Kxf2 Qxb5 22. Qxc7 Rxa2 23. Nxe5 f6 24. Ng6 Qxd3 25. Ne7+ Kh8 26. Re1
Re8 27. Bf3 Bxh3 28. Bh5 Qd4+ 29. Kf3 Ra3 30. Ng6+ Kg8 31. Ne7+ Rxe7 32.
Qxe7 Rxb3+ 33. e3 Qd5+ 34. Qe4 Qxh5+ 35. g4 Qf7 36. Qa8+ Kh7 37. Qe4+ g6 38.
g5 {Black forfeits on time} 1-0

[Event "ICC Open 2015"]
[Site "Internet Chess Club"]
[Date "2015.05.30"]
[Round "4"]
[White "TasteOflover"]
[Black "ChessNakas"]
[Result "1-0"]
[ICCResult "Black forfeits on time"]
[WhiteElo "2789"]
[BlackElo "2100"]
[Opening "Queen's pawn: Keres defense"]
[ECO "A40"]
[NIC "QO.17"]
[Time "14:39:24"]
[TimeControl "180+0"]

1. d4 e6 2. c4 b6 3. Nf3 Bb7 4. g3 Bb4+ 5. Bd2 Bxf3 6. exf3 Bxd2+ 7. Qxd2 d5
8. f4 Nf6 9. Bg2 O-O 10. O-O c6 11. b3 Qd7 12. Nc3 Na6 13. Rac1 Rfd8 14.
Rfd1 dxc4 15. bxc4 Rac8 16. Qe2 Nc7 17. Qf3 Nce8 18. h3 Qe7 19. Qe2 Qb4 20.
d5 cxd5 21. cxd5 Rxc3 22. Rb1 Qc4 23. Qe1 exd5 24. Qe7 Qc7 25. Qe1 Rc2 26.
a4 Qc5 27. Rb5 Qc7 28. Rb3 Nd6 29. Rbd3 Re8 30. Re3 Rxe3 31. Qxe3 Nde4 32.
g4 h6 33. g5 hxg5 34. fxg5 Nh5 35. Rxd5 Rc1+ 36. Bf1 Nf4 37. Qxe4 Nxd5 38.
Qxd5 Qf4 39. Kg2 Kh7 40. Bd3+ {Black forfeits on time} 1-0

[Event "ICC Open 2015"]
[Site "Internet Chess Club"]
[Date "2015.05.30"]
[Round "4"]
[White "Glamurius"]
[Black "Werewolf"]
[Result "1-0"]
[ICCResult "Black forfeits on time"]
[WhiteElo "3019"]
[BlackElo "2197"]
[Opening "QGA: 3.e4"]
[ECO "D20"]
[NIC "QG.04"]
[Time "14:39:08"]
[TimeControl "180+0"]

1. d4 d5 2. c4 dxc4 3. e4 e5 4. Nf3 exd4 5. Bxc4 Nc6 6. O-O Be6 7. Bb5 Bc5
8. Bxc6+ bxc6 9. Qc2 Qe7 10. Bg5 f6 11. Bf4 g5 12. Bg3 g4 13. Nh4 Nh6 14.
Nd2 O-O 15. Rac1 Bb4 16. Rfd1 Bd7 17. Nb3 Bd6 18. Nxd4 Bxg3 19. hxg3 Rfe8
20. Nb3 Nf7 21. Nc5 Bc8 22. Rd2 Ne5 23. Rcd1 Rb8 24. a4 Be6 25. Rd4 Nf7 26.
Qc3 Red8 27. b4 Rxd4 28. Rxd4 Rd8 29. Kh2 Rd6 30. a5 Ne5 31. Nb7 Rxd4 32.
Qxd4 Kf7 33. Qxa7 Qxb4 34. Nc5 Qd4 35. Qxc7+ Nd7 36. Nxe6 Kxe6 37. Qxc6+ Kf7
38. a6 Ne5 39. Qb7+ Ke8 40. a7 Qd8 41. a8=Q Qxa8 42. Qxa8+ Kf7 43. Qd5+ Ke7
44. Nf5+ Kf8 45. Qd8+ {Black forfeits on time} 1-0